 Dungeon Crawl Stone Soup version 0.20.0-8-g6b59dc7 (webtiles) character file.

285806 kuniqs the Dancer (level 20, -4/113 HPs)
             Began as a Vine Stalker Earth Elementalist on May 29, 2017.
             Was a High Priest of Uskayaw.
             Slain by a vault warden
             ... wielding a +0 vampiric glaive
              (18 damage)
             ... on level 2 of the Vaults on May 31, 2017.
             The game lasted 01:21:20 (35115 turns).

kuniqs the Dancer (VSEE)                           Turns: 35115, Time: 01:21:20

Health: -4/113     AC: 21    Str: 28    XL:     20   Next: 62%
Magic:  0/23       EV: 18    Int: 13    God:    Uskayaw [*****.]
Gold:   1409       SH: 12    Dex: 11    Spells: 22/23 levels left

rFire    + . .     SeeInvis .   Q - +6 rapier (elec)
rCold    + + .     Gourm    .   D - +2 buckler of the Undertaker {-Cast rC+ MP-9 Str+8}
rNeg     . . .     Faith    .   v - +3 ring mail "Deceihom" {Slay+6}
rPois    +         Spirit   +   n - +2 helmet
rElec    +         Reflect  +   P - +2 cloak "Nixooh" {+Blink rC+ Dex-4}
rCorr    .         Harm     .   U - +0 pair of gloves
MR       ++...     NoCast   +   p - +0 pair of boots {Fly}
Stlth    +.........             Y - +4 amulet of reflection
Regen    1.1/turn               t - ring of protection from fire
MPRegen  0.2/turn               j - ring of poison resistance

@: about to teleport, flying
A: fangs 3, dopey 1, regeneration 2, electricity resistance, magic shield,
antimagic bite, no potion heal 3, rot immunity
}: 2/15 runes: serpentine, barnacled
a: Stomp, Line Pass, Grand Finale, Renounce Religion, Evoke Blink, Stop Flying


You were on level 2 of the Vaults.
You worshipped Uskayaw.
Uskayaw was pleased with you.
You were not hungry.

You visited 8 branches of the dungeon, and saw 35 of its levels.
You visited 1 bazaar.
You also visited: Ossuary, Ice Cave and Desolation.

You collected 3417 gold pieces.
You spent 2008 gold pieces at shops.

Inventory:

Hand Weapons
 Q - a +6 rapier of electrocution (weapon)
Missiles
 g - 10 throwing nets (quivered)
Armour
 n - a +2 helmet (worn)
 p - a +0 pair of boots of flying (worn)
 q - +0 fire dragon scales
 v - the +3 ring mail "Deceihom" (worn) {Slay+6}
   (You found it on level 4 of the Shoals)

   It affects your accuracy and damage with ranged weapons and melee attacks
   (+6).
 D - the +2 buckler of the Undertaker (worn) {-Cast rC+ MP-9 Str+8}
   (You found it in the Desolation of Salt)

   It affects your strength (+8).
   It protects you from cold.
   It affects your magic capacity (-9).
   It prevents spellcasting.
 G - a +2 cloak of invisibility
 P - the +2 cloak "Nixooh" (worn) {+Blink rC+ Dex-4}
   (You found it in the Desolation of Salt)

   It affects your dexterity (-4).
   It protects you from cold.
   It lets you blink.
 U - a +0 pair of gloves (worn)
 W - a +2 cloak of poison resistance
Jewellery
 j - a ring of poison resistance (right hand)
 k - an uncursed ring of resist corrosion
 t - a ring of protection from fire (left hand)
 C - an uncursed amulet of faith
 H - an uncursed ring of protection from magic
 I - the ring "Batoaff" {+Fly MR+ Int+6}
   (You found it on level 4 of the Shoals)

   [ring of flight]

   It affects your intelligence (+6).
   It affects your resistance to hostile enchantments.
   It lets you fly.
 T - an uncursed ring of see invisible
 X - an uncursed ring of protection from cold
 Y - a +4 amulet of reflection (around neck)
Wands
 o - a wand of paralysis (7/24)
 A - a wand of clouds (7/9)
 B - a wand of digging (8/24)
Scrolls
 b - a scroll of fog
 l - 5 scrolls of recharging
 m - 4 scrolls of immolation
 u - 5 scrolls of magic mapping
 x - 10 scrolls of teleportation
 y - 4 scrolls of enchant armour
 z - 5 scrolls of blinking
 E - a scroll of holy word
 K - 10 scrolls of remove curse {@r2}
 O - 5 scrolls of fear
 R - a scroll of brand weapon
Potions
 a - 4 potions of agility
 i - 15 potions of curing {@q1}
 r - 3 potions of brilliance
 w - a potion of mutation
 F - a potion of might
 M - a potion of berserk rage
 S - 3 potions of haste
Books
 c - a book of Geomancy

   Spells                             Type                      Level
   a - Sandblast                      Earth                        1
   b - Passwall                       Transmutation/Earth          2
   c - Stone Arrow                    Conjuration/Earth            3
   d - Petrify                        Transmutation/Earth          4
   e - Lee's Rapid Deconstruction     Earth                        5
Miscellaneous
 s - a fan of gales
 N - a lamp of fire
Comestibles
 d - 20 bread rations
 e - 14 meat rations
 f - 17 fruits
 h - 17 royal jellies
 J - 20 chunks of flesh


   Skills:
 + Level 15.0 Fighting
 + Level 13.8 Short Blades
 + Level 13.9 Armour
 + Level 13.8 Dodging
 - Level 2.4 Stealth
 + Level 8.6 Shields
 - Level 2.1 Spellcasting
   Level 1.0 Transmutations
 - Level 3.0 Earth Magic
 + Level 15.1 Invocations


You had 22 spell levels left.
You knew the following spells:

 Your Spells              Type           Power        Failure   Level  Hunger
a - Sandblast             Erth           #.....       10%         1    ##.....


Dungeon Overview and Level Annotations

Branches:
Dungeon (15/15)            Temple (1/1) D:7            Lair (6/6) D:9
 Shoals (4/4) Lair:3        Snake (4/4) Lair:2        Slime (0/5) Lair:6
    Orc (2/2) D:10            Elf (1/3) Orc:2        Vaults (2/5) D:14
  Crypt (0/3) Vaults:2
 Depths: D:15

Altars:
Ashenzari
Cheibriados
Dithmenos
Fedhas
Gozag
Hepliaklqana
Kikubaaqudgha
Makhleb
Nemelex Xobeh
Okawaru
Qazlal
Ru
Sif Muna
Trog
Uskayaw
Vehumet
Xom
Yredelemnul
Zin
The Shining One
Beogh

Shops:
D:11 ?   D:12 %   D:13 *   Orc:2 :(([*   Snake:2 }*   Vaults:1 =   Vaults:2 (


Innate Abilities, Weirdness & Mutations

You have razor-sharp teeth.
You heal very quickly.
When hurt, damage is shared between your health and your magic reserves.
Your bite disrupts and absorbs the magic of your enemies.
Potions cannot restore your health.
You are immune to rotting.
You are dopey. (Int -2)
You are resistant to electric shocks. (rElec)


Message History

You feel invigorated.
The ogre is moderately wounded.
The vault warden hits you with a vampiric glaive!!
* * * LOW HITPOINT WARNING * * *
An orc knight opens the door.
The ironheart preserver hits you with a dire flail!
* * * LOW HITPOINT WARNING * * *
You puncture the ogre! Lightning courses through the ogre! You bite the ogre.
You drain its power.
You feel invigorated.
You kill the ogre!
The vault warden hits you with a great mace!
* * * LOW HITPOINT WARNING * * *
You block the yaktaur's attack.
An ironbrand convoker comes into view.
It is wielding a dire flail of holy wrath.
You puncture the wizard! Lightning courses through the wizard!
Your bite misses the wizard.
The wizard is severely wounded.
You block the ironheart preserver's attack.
The vault warden hits you with a vampiric glaive!!
You die...

####...# #
##..# ##.#
### #.. #
#..# ##
#..# .##
#..# ..#
#..#######
###
#..#p@pp.#
#..#ppc..#
#.{oO###p#
#..#.# #
#..#op.
###
#..#..O..
...
#..#######
... #..#
... #..#


You could see an ironheart preserver, 2 vault wardens, an orc knight, a
two-headed ogre, 2 ironbrand convokers, a yaktaur, a wizard and an orc warrior.

Vanquished Creatures
  Saint Roka (Snake:2)
  Nikola (Lair:3)
  A bone dragon (Vaults:2)
  Rupert (D:12)
  A kraken (Shoals:2)
  Polyphemus (Shoals:2)
  Frances (D:13)
  A sphinx (Vaults:2)
  Agnes (Snake:2)
  The ghost of inmateoo the Executioner, an adept HOGl of Beogh (Shoals:2)
  10 nagarajas (Snake:4)
  Ilsuiw (Shoals:4)
  A frost giant (Shoals:4)
  An imperial myrmidon (Desolation)
  2 vault wardens
  An orc warlord (Orc:1)
  Aizul (Shoals:1)
  5 ironheart preservers
  A stone giant (Vaults:2)
  2 entropy weavers (Lair:6)
  A deep elf demonologist (Vaults:1)
  A deep elf annihilator (Vaults:1)
  A halazid warlock (Desolation)
  9 merfolk javelineers
  8 merfolk impalers
  A slime creature (Vaults:1)
  A yaktaur captain (Vaults:2)
  7 ragged hierophants (Desolation)
  A vault guard (Vaults:1)
  4 peacekeepers (Desolation)
  5 hydras
  2 ice dragons (IceCv)
  11 servants of whispers (Desolation)
  2 alligator snapping turtles
  2 merfolk avatars (Shoals:4)
  16 naga warriors
  11 death yaks
  A queen ant (Lair:6)
  A dancing weapon (Elf:1)
  2 catoblepae
  A merfolk aquamancer (Shoals:4)
  4 centaur warriors
  6 ogre magi
  23 two-headed ogres
  2 satyrs
  7 anacondas
  13 naga sharpshooters
  3 orc high priests
  3 deep troll shamans
  9 shock serpents
  A tengu warrior (D:13)
  3 deep elf knights
  A shadow wraith (Vaults:1)
  An unseen horror (D:10)
  An unseen horror (shapeshifter) (Vaults:2)
  A deep troll (Vaults:2)
  5 naga ritualists
  19 sea snakes
  6 ironbrand convokers
  3 deep elf archers
  A wizard (Vaults:2)
  4 orc knights
  A necromancer (Vaults:2)
  8 harpies
  A lindwurm (Lair:6)
  5 mana vipers
  12 ugly things
  4 deep elf magi
  2 wolf spiders (Vaults:1)
  2 fire giant zombies (Vaults:2)
  2 oklob plants (Lair:2)
  10 manticores
  9 cyclopes
  7 salamanders
  14 fauns
  Maurice (D:8)
  2 ice statues (IceCv)
  4 elephants
  12 merfolk sirens
  10 guardian serpents
  Psyche (D:11)
  4 centaur skeletons
  The ghost of Shinoi the Ruffian, a novice DrTm (D:5)
  13 naga magi
  2 torpor snails
  6 water nymphs
  35 black mambas
  A gargoyle (D:14)
  3 rime drakes
  8 spiny frogs
  The ghost of buskinjo the Slinger, a novice HaHu (Ossuary)
  8 yaktaurs (Vaults:2)
  3 kobold demonologists (D:14)
  An efreet (D:11)
  4 komodo dragons
  2 freezing wraiths
  3 meliai
  A tengu conjurer (D:13)
  32 merfolk
  8 trolls
  A queen bee (Lair:4)
  3 polar bears
  A hornet (D:10)
  2 wind drakes
  45 saltlings (Desolation)
  Prince Ribbit (D:8)
  12 hippogriffs
  12 blink frogs
  6 snapping turtles
  26 dream sheep
  An air elemental (Elf:1)
  4 shadows
  60 yaks
  3 wraiths
  4 wyverns
  2 basilisks
  4 water elementals
  2 hungry ghosts
  6 vampire mosquitoes
  10 wargs
  50 nagas
  17 water moccasins
  26 soldier ants
  An acid dragon (Vaults:2)
  42 orc warriors
  12 porcupines
  2 sky beasts
  6 black bears
  Duvessa (D:7)
  15 ice beasts
  A necrophage (D:5)
  3 phantoms
  2 eyes of draining
  25 ogres
  An orc skeleton (Vaults:2)
  6 wolves
  14 centaurs
  9 crocodiles
  4 big kobolds
  17 bullfrogs
  A gnoll sergeant (D:10)
  A wyvern skeleton (D:12)
  Dowan (D:7)
  2 scorpions
  37 killer bees
  9 wights
  An electric eel (Lair:2)
  2 vampire bats (D:7)
  6 howler monkeys
  5 crimson imps
  2 centaur zombies
  2 human simulacra
  2 quasits
  4 jellies
  2 bullfrog skeletons
  3 bullfrog zombies
  5 hounds
  3 human zombies (Ossuary)
  15 orc priests
  A gnoll shaman (D:4)
  6 iguanas
  Terence (D:3)
  28 orc wizards
  30 worker ants
  A killer bee zombie (D:7)
  2 hound zombies
  2 hound skeletons
  3 mummies
  A worker ant zombie (D:6)
  Robin (D:1)
  11 gnolls
  15 adders
  3 shadow imps
  12 white imps (D:14)
  5 oozes
  2 adder zombies (Ossuary)
  An adder skeleton (D:4)
  3 worms
  3 dart slugs
  6 leopard geckos
  104 orcs
  7 bats
  3 bat skeletons (D:7)
  A bat zombie (D:7)
  5 giant cockroaches
  18 goblins
  13 hobgoblins
  8 jackals
  7 quokkas
  2 ball pythons
  A ball python skeleton (D:7)
  4 frilled lizards
  4 goblin zombies
  10 hobgoblin zombies (Ossuary)
  A jackal zombie (D:7)
  23 kobolds
  9 kobold zombies (Ossuary)
  8 orc zombies (Ossuary)
  A quokka skeleton (D:4)
  6 rats
  A rat zombie (Ossuary)
  4 tentacles (Shoals:2)
1421 creatures vanquished.

Vanquished Creatures (collateral kills)
  A naga (Snake:3)
1 creature vanquished.

Vanquished Creatures (others)
  A merfolk javelineer (Shoals:4)
  2 naga sharpshooters
  A yaktaur (Vaults:2)
  3 yaks (Lair:6)
  A bush (Lair:6)
  11 fungi
  15 plants
  11 tentacles
45 creatures vanquished.

Grand Total: 1467 creatures vanquished

Notes
Turn   | Place    | Note
-------+----------+-------------------------------------------
     0 | D:1      | kuniqs the Vine Stalker Earth Elementalist began the quest for the Orb.
     0 | D:1      | Reached XP level 1. HP: 9/9 MP: 4/4
   143 | D:1      | Reached XP level 2. HP: 2/14 MP: 3/6
   487 | D:1      | Reached skill level 1 in Fighting
   648 | D:1      | Reached skill level 1 in Armour
   648 | D:1      | Reached XP level 3. HP: 14/18 MP: 2/7
  1035 | D:2      | Noticed Robin
  1116 | D:2      | Reached skill level 1 in Short Blades
  1123 | D:1      | Killed Robin
  1153 | D:2      | Gained mutation: Your natural rate of healing is unusually fast. [Vine Stalker growth]
  1153 | D:2      | Reached XP level 4. HP: 22/23 MP: 8/8
  1264 | D:2      | Found a radiant altar of Vehumet.
  1386 | D:2      | Found a glowing silver altar of Zin.
  1435 | D:2      | Found a shadowy altar of Dithmenos.
  2049 | D:3      | Found a faded altar of an unknown god.
  2209 | D:3      | Noticed Terence
  2214 | D:3      | Killed Terence
  2214 | D:3      | Reached XP level 5. HP: 26/26 MP: 9/9
  2360 | D:3      | Found a sacrificial altar of Ru.
  2683 | D:4      | Found a sand-covered staircase.
  2693 | Ossuary  | Entered an ossuary
  2736 | Ossuary  | Noticed buskinjo's ghost (novice HaHu)
  2740 | Ossuary  | Reached XP level 6. HP: 32/32 MP: 10/10
  2789 | Ossuary  | Killed buskinjo's ghost
  2789 | Ossuary  | Reached XP level 7. HP: 22/36 MP: 7/11
  2997 | Ossuary  | Gained mutation: You heal very quickly. [potion of mutation]
  2997 | Ossuary  | Gained mutation: You are dopey. (Int -2) [potion of mutation]
  2997 | Ossuary  | Gained mutation: You are resistant to electric shocks. (rElec) [potion of mutation]
  3212 | D:4      | Found a glowing golden altar of the Shining One.
  3298 | D:4      | Gained mutation: You have razor-sharp teeth. [Vine Stalker growth]
  3298 | D:4      | Reached XP level 8. HP: 38/42 MP: 9/12
  3619 | D:4      | Found an iron altar of Okawaru.
  3854 | D:5      | Entered Level 5 of the Dungeon
  4285 | D:5      | Noticed Shinoi's ghost (novice DrTm)
  4301 | D:5      | Killed Shinoi's ghost
  4720 | D:6      | Reached skill level 5 in Short Blades
  4720 | D:6      | Reached XP level 9. HP: 46/46 MP: 13/13
  4744 | D:6      | Reached skill level 5 in Fighting
  5140 | D:7      | Reached skill level 5 in Dodging
  5436 | D:7      | Reached skill level 5 in Armour
  5504 | D:7      | Noticed Duvessa
  5504 | D:7      | Noticed Dowan
  5512 | D:7      | Killed Dowan
  5538 | D:7      | Killed Duvessa
  5681 | D:7      | Noticed a two-headed ogre
  5700 | D:7      | Killed a two-headed ogre
  5700 | D:7      | Reached XP level 10. HP: 32/53 MP: 9/14
  5994 | D:7      | Found a staircase to the Ecumenical Temple.
  6000 | Temple   | Entered the Ecumenical Temple
  6038 | Temple   | Became a worshipper of Uskayaw the Reveler
  6183 | D:7      | Reached * piety under Uskayaw
  6271 | D:7      | Found an ancient bone altar of Kikubaaqudgha.
  6279 | D:7      | Reached ** piety under Uskayaw
  6360 | D:8      | Noticed Psyche
  6388 | D:8      | Found a burning altar of Makhleb.
  6395 | D:8      | Noticed Prince Ribbit
  6395 | D:8      | Found a shimmering altar of Xom.
  6402 | D:8      | Killed Prince Ribbit
  6402 | D:8      | Reached skill level 1 in Invocations
  6403 | D:8      | Reached *** piety under Uskayaw
  6656 | D:8      | Noticed Maurice
  6668 | D:8      | Killed Maurice
  6669 | D:8      | Reached **** piety under Uskayaw
  6687 | D:8      | Noticed a two-headed ogre
  6699 | D:8      | Killed a two-headed ogre
  7131 | D:9      | Found a staircase to the Lair.
  7131 | D:9      | Noticed a death yak
  7132 | D:9      | Noticed an elephant
  7163 | D:9      | Killed a death yak
  7163 | D:9      | Reached XP level 11. HP: 51/58 MP: 15/15
  7167 | D:9      | Reached ***** piety under Uskayaw
  7244 | D:9      | Found a bloodstained altar of Trog.
  7335 | D:9      | Found a stormy altar of Qazlal.
  7573 | D:9      | Noticed a two-headed ogre
  7582 | D:9      | Killed a two-headed ogre
  7671 | D:9      | Found a blossoming altar of Fedhas.
  8073 | D:10     | Entered Level 10 of the Dungeon
  8093 | D:10     | Noticed a two-headed ogre
  8103 | D:10     | Killed a two-headed ogre
  8117 | D:10     | Killed an unseen horror
  8409 | D:10     | Found a staircase to the Orcish Mines.
  8522 | D:10     | Found an opulent altar of Gozag.
  8737 | D:11     | Killed Psyche
  8831 | D:11     | Reached skill level 5 in Invocations
  8844 | D:11     | Reached ****** piety under Uskayaw
  8977 | D:11     | Noticed a five-headed hydra
  8979 | D:11     | Noticed a deep elf mage
  8987 | D:11     | Killed a deep elf mage
  8991 | D:11     | Killed a five-headed hydra
  8991 | D:11     | Mutation became permanent: Your natural rate of healing is unusually fast. [Vine Stalker growth]
  8991 | D:11     | Gained mutation: You heal very quickly. [Vine Stalker growth]
  8991 | D:11     | Reached XP level 12. HP: 21/65 MP: 8/17
  9040 | D:11     | Noticed a two-headed ogre
  9062 | D:11     | Killed a two-headed ogre
  9396 | D:11     | Found Noiryaxu's Magic Scroll Shoppe.
  9404 | D:11     | Bought a scroll of enchant weapon for 75 gold pieces
  9759 | D:12     | Noticed Rupert
  9769 | D:12     | Paralysed by Rupert for 4 turns
  9780 | D:12     | Killed Rupert
  9794 | D:12     | Found Tydamot Vifu's Food Shoppe.
  9871 | D:12     | Found a basalt altar of Yredelemnul.
 10722 | D:13     | Reached XP level 13. HP: 60/70 MP: 19/19
 10847 | D:13     | Found Toitac's General Store.
 11372 | D:13     | Noticed Frances
 11501 | D:13     | Killed Frances
 11808 | D:14     | Found a frozen archway.
 11843 | IceCv    | Entered an ice cave
 11938 | IceCv    | Reached skill level 10 in Short Blades
 11960 | IceCv    | Reached skill level 10 in Fighting
 12079 | IceCv    | Noticed an ice dragon
 12080 | IceCv    | Noticed an ice dragon
 12100 | IceCv    | Killed an ice dragon
 12114 | IceCv    | Killed an ice dragon
 12553 | D:14     | Found a gate to the Vaults.
 12756 | D:14     | Reached XP level 14. HP: 74/77 MP: 21/21
 13186 | D:14     | Found a snail-covered altar of Cheibriados.
 13347 | D:15     | Entered Level 15 of the Dungeon
 13509 | Lair:1   | Entered Level 1 of the Lair of Beasts
 14173 | Lair:2   | Found a staircase to the Snake Pit.
 14530 | Lair:2   | Found a deep blue altar of Sif Muna.
 15811 | Lair:3   | Found a staircase to the Shoals.
 16042 | Lair:4   | Reached skill level 10 in Invocations
 16100 | Lair:3   | Reached skill level 10 in Armour
 16176 | Lair:3   | Reached skill level 10 in Dodging
 17612 | Lair:6   | Entered Level 6 of the Lair of Beasts
 17640 | Lair:6   | Noticed an entropy weaver
 17642 | Lair:6   | Noticed an entropy weaver
 17655 | Lair:6   | Killed an entropy weaver
 17655 | Lair:6   | Reached XP level 15. HP: 53/83 MP: 15/24
 18793 | Lair:6   | Found a staircase to the Slime Pits.
 19085 | Orc:1    | Entered Level 1 of the Orcish Mines
 19481 | Orc:1    | Found a roughly hewn altar of Beogh.
 19647 | Orc:1    | Found a roughly hewn altar of Beogh.
 19710 | Orc:2    | Entered Level 2 of the Orcish Mines
 19912 | Orc:2    | Found Diodwah's Antique Weapon Shoppe.
 19967 | Orc:2    | Found a roughly hewn altar of Beogh.
 20001 | Orc:2    | Found a staircase to the Elven Halls.
 20012 | Orc:2    | Found a roughly hewn altar of Beogh.
 20230 | Orc:2    | Noticed an orc warlord
 20336 | Orc:1    | Killed an orc warlord
 20436 | Orc:2    | Found a roughly hewn altar of Beogh.
 20437 | Orc:2    | Found Etuibee's Assorted Antiques.
 20484 | Orc:2    | Bought a runed ruby ring for 125 gold pieces
 20484 | Orc:2    | Bought a scroll of identify for 50 gold pieces
 20484 | Orc:2    | Bought a scroll of identify for 50 gold pieces
 20521 | Orc:2    | Found a roughly hewn altar of Beogh.
 20533 | Orc:2    | Found Daiqaul's Book Shop.
 20682 | Orc:2    | Found a roughly hewn altar of Beogh.
 20726 | Orc:2    | Found Vurenum's Antique Armour Shop.
 20734 | Orc:2    | Found a roughly hewn altar of Beogh.
 20737 | Orc:2    | Found Xidghori's Antique Weapon Boutique.
 20748 | Orc:2    | Bought a glowing helmet for 217 gold pieces
 20846 | Orc:2    | Found a roughly hewn altar of Beogh.
 21037 | D:13     | Bought 2 potions of haste for 340 gold pieces
 21037 | D:13     | Bought a scroll of teleportation for 51 gold pieces
 21037 | D:13     | Bought a +4 amulet of reflection for 459 gold pieces
 21237 | Shoals:1 | Entered Level 1 of the Shoals
 21237 | Shoals:1 | Noticed Nikola
 21277 | Lair:3   | Killed Nikola
 21277 | Lair:3   | Reached XP level 16. HP: 54/90 MP: 23/25
 21754 | Shoals:1 | Noticed Aizul
 21773 | Shoals:1 | Killed Aizul
 21934 | Shoals:1 | Upgraded the game from 0.20.0-7-g3b7b877 to 0.20.0-8-g6b59dc7
 22210 | Elf:1    | Entered Level 1 of the Elven Halls
 22268 | Elf:1    | Found a ruined gateway.
 22274 | Desolati | Entered the Desolation of Salt
 23066 | Desolati | Identified the +2 buckler of the Undertaker {-Cast rC+ MP-9 Str+8} (You found it in the Desolation of Salt)
 23215 | Desolati | Reached skill level 1 in Shields
 23315 | Desolati | Got a bloodstained cloak
 23325 | Desolati | Got a jewelled chain mail
 23368 | Elf:1    | Identified the +1 chain mail of the Will of the Gods {rC- Str+3 Int+4 Dex+5} (You found it in the Desolation of Salt)
 23384 | Elf:1    | Identified the +2 cloak "Nixooh" {+Blink rC+ Dex-4} (You found it in the Desolation of Salt)
 23569 | Snake:1  | Entered Level 1 of the Snake Pit
 23609 | Snake:1  | Reached XP level 17. HP: 86/95 MP: 15/27
 24269 | Snake:1  | Found a gateway to a bazaar.
 24281 | Bazaar   | Entered a bazaar
 24281 | Bazaar   | Found Rasum's General Store.
 24281 | Bazaar   | Found Nafedakk's Antique Armour Shop.
 24306 | Bazaar   | Found Ripar's Antique Weapon Shop.
 24346 | Bazaar   | Bought a scroll of enchant weapon for 82 gold pieces
 24346 | Bazaar   | Bought a scroll of enchant weapon for 82 gold pieces
 24360 | Bazaar   | Bought a pair of runed boots for 135 gold pieces
 24360 | Bazaar   | Bought a spiked buckler for 171 gold pieces
 24360 | Bazaar   | Bought an encrusted helmet for 171 gold pieces
 24383 | Bazaar   | Identified the +1 buckler of Xuofyplo {Int-3 Dex+3 Stlth+} (You bought it in a shop in a bazaar)
 24394 | Bazaar   | Identified the cursed -3 helmet of Isuten {+Fly rElec Regen+} (You bought it in a shop in a bazaar)
 24867 | Snake:2  | Found Wetet's Gadget Shop.
 25020 | Snake:2  | Found Nuetyupp's General Store.
 25064 | Snake:2  | Noticed Agnes
 25077 | Snake:2  | Killed Agnes
 25186 | Snake:2  | You are sucked into a shaft!
 25328 | Snake:2  | Noticed Saint Roka
 25677 | Snake:2  | Killed Saint Roka
 26226 | Snake:3  | Got an encrusted chain mail
 26622 | Snake:4  | Entered Level 4 of the Snake Pit
 26946 | Snake:4  | Identified the +6 chain mail of the Little Devil {rC+ Dex+2} (You found it on level 3 of the Snake Pit)
 27062 | Snake:4  | Reached XP level 18. HP: 91/100 MP: 20/29
 28047 | Shoals:2 | Reached skill level 5 in Shields
 28423 | Shoals:2 | Noticed inmateoo's ghost (adept HOGl)
 28489 | Shoals:2 | Killed inmateoo's ghost
 28756 | Shoals:2 | Noticed Polyphemus
 28803 | Shoals:2 | Killed Polyphemus
 30330 | Shoals:4 | Entered Level 4 of the Shoals
 30698 | Shoals:4 | Got a barnacled rune of Zot
 30934 | Shoals:4 | Got an ichor-stained ring mail
 30999 | Shoals:4 | Got a transparent rapier
 31112 | Shoals:4 | Reached XP level 19. HP: 100/106 MP: 19/30
 31129 | Shoals:4 | Identified the +0 rapier "Neocued" {flame, +Fly rElec rN+ Dex-3} (You found it on level 4 of the Shoals)
 31241 | Shoals:4 | Noticed Ilsuiw
 31287 | Shoals:4 | Killed Ilsuiw
 31822 | Shoals:4 | Got a smoking bronze ring
 31824 | Shoals:4 | Identified the ring "Batoaff" {+Fly MR+ Int+6} (You found it on level 4 of the Shoals)
 32073 | Snake:4  | Identified the +3 ring mail "Deceihom" {Slay+6} (You found it on level 4 of the Shoals)
 33294 | Snake:4  | Got a serpentine rune of Zot
 33617 | Vaults:1 | Entered Level 1 of the Vaults
 33931 | Vaults:1 | Reached XP level 20. HP: 109/112 MP: 23/32
 34023 | Vaults:1 | Found Eroyriph's Jewellery Boutique.
 34182 | Vaults:1 | You are sucked into a shaft!
 34542 | Vaults:2 | Noticed a bone dragon
 34561 | Vaults:2 | Killed a bone dragon
 34606 | Vaults:2 | Found a staircase to the Crypt.
 34819 | Vaults:2 | Found Bashriat's Antique Weapon Shoppe.
 34833 | Vaults:2 | Reached skill level 15 in Invocations
 34904 | Vaults:2 | Reached skill level 15 in Fighting
 35115 | Vaults:2 | Slain by a vault warden

Skill      XL: |  1  2  3  4  5  6  7  8  9 10 11 12 13 14 15 16 17 18 19 20 |
---------------+-------------------------------------------------------------+-----
Fighting       | 1 2 3 4 6 7 8 9 10 11 12 13 14 15 | 15.0
Armour         | 1 2 3 4 5 6 7 8 9 10 11 12 13 | 13.9
Short Blades   | 1 2 3 5 6 7 8 9 10 11 12 13 | 13.8
Dodging        | 2 3 4 5 6 7 8 9 10 11 12 13 | 13.8
Invocations    | 3 5 7 8 10 11 12 13 14 15 | 15.1
Shields        | 1 4 6 7 8 |  8.6
Stealth        | |  2.4
Spellcasting   | |  2.1
Transmutations | |  1.0
Earth Magic    | |  3.0

Action                   |  1- 3 |  4- 6 |  7- 9 | 10-12 | 13-15 | 16-18 | 19-21 || total
-------------------------+-------+-------+-------+-------+-------+-------+-------++-------
Melee: Unarmed           |    14 |       |       |       |       |       |       ||    14
       Bite              |    21 |    39 |   113 |   212 |   629 |   555 |   293 ||  1862
       Dagger            |    54 |   162 |   412 |   699 |  1826 |       |       ||  3153
       Rapier            |       |       |       |       |       |  1522 |   688 ||  2210
 Cast: Sandblast         |    27 |     2 |       |     2 |       |       |       ||    31
Invok: Grand Finale      |       |       |       |       |     4 |     3 |     1 ||     8
       Line Pass         |       |       |       |       |     1 |       |       ||     1
 Abil: Evoke Invisibilit |       |       |       |     2 |       |       |       ||     2
Evoke: Lamp of fire      |       |       |       |     1 |       |       |       ||     1
       Wand              |       |       |       |       |     3 |     3 |     2 ||     8
       Box of beasts     |       |       |       |       |       |     1 |       ||     1
  Use: Scroll            |       |       |    12 |    10 |    14 |    14 |     4 ||    54
       Potion            |       |       |     3 |     3 |     4 |     1 |       ||    11
 Stab: Sleeping          |     2 |     5 |     1 |       |       |       |       ||     8
       Paralysed         |       |       |       |    33 |   109 |   119 |    60 ||   321
       Invisible         |       |       |       |     3 |       |       |       ||     3
       Confused          |       |       |       |       |     1 |       |       ||     1
       Petrifying        |       |       |       |       |       |     3 |       ||     3
       Distracted        |       |       |       |       |       |       |     1 ||     1
  Eat: Chunk             |     1 |     5 |    10 |    20 |    33 |    28 |    10 ||   107
       Royal jelly       |       |       |       |       |     2 |     4 |     2 ||     8
Armor: Robe              |     9 |       |       |       |       |       |       ||     9
       Animal skin       |     2 |    15 |       |       |       |       |       ||    17
       Fire dragon scale |       |    53 |   189 |    36 |    58 |   273 |    40 ||   649
       Ice dragon scales |       |       |       |   201 |   520 |   194 |       ||   915
       Ring mail         |       |       |       |       |       |       |    73 ||    73
Dodge: Dodged            |    41 |    69 |   178 |   344 |   997 |   699 |   215 ||  2543
Block: Other             |       |       |       |       |     4 |    55 |       ||    59
       Buckler           |       |       |       |       |       |   388 |   233 ||   621
       Reflection        |       |       |       |       |       |    64 |    51 ||   115
